 Dungeon Crawl Stone Soup version 0.28-a0-691-gad6df49e81 (webtiles) character file.

Game seed: 1689120882660773184

177 lawman0 the Magician (level 5, -11/35 HPs)
             Began as a Mummy Air Elementalist on Oct 22, 2021.
             Mangled by an iguana (12 damage)
             ... on level 4 of the Dungeon.
             The game lasted 00:05:13 (3065 turns).

lawman0 the Magician (Mummy Air Elementalist)       Turns: 3065, Time: 00:05:13

Health: -11/35     AC:  2    Str: 11    XL:     5   Next: 30%
Magic:  4/10       EV: 12    Int: 16    God:
Gold:   77         SH:  0    Dex: 12    Spells: 4/11 levels left

rFire   . . .      SeeInvis .   c - +2 whip (elec)
rCold   + . .      Faith    .   (no shield)
rNeg    + + +      Spirit   .   a - +0 robe
rPois   ∞          Reflect  .   (no helmet)
rElec   .          Harm     .   (no cloak)
rCorr   .          Rampage  .   (no gloves)
Will    .....                   (no boots)
Stlth   ++........              (no amulet)
HPRegen 0.11/turn               b - ring of protection from fire
MPRegen 0.12/turn               (no ring)

@: no status effects
A: cold resistance 1, negative energy resistance 3, torment resistance 2, heat
vulnerability 1, no potions
a: no special abilities


You were on level 4 of the Dungeon.
You visited 1 branch of the dungeon, and saw 5 of its levels.

You collected 131 gold pieces.
You spent 54 gold pieces at shops.

Inventory:

Hand Weapons
 c - a +2 whip of electrocution (weapon)
Armour
 a - a +0 robe (worn)
Jewellery
 b - a ring of protection from fire (left hand)
Scrolls
 d - 2 scrolls of identify


   Skills:
 * Level 0.1 Fighting
 + Level 0.7 Maces & Flails
 + Level 1.7 Dodging
 + Level 2.4 Stealth
 + Level 3.8 Spellcasting
 + Level 1.4 Conjurations
 * Level 1.0 Translocations
 * Level 3.5 Air Magic


You had 4 spell levels left.
You knew the following spells:

 Your Spells              Type           Power      Damage    Failure   Level
a - Shock                 Conj/Air       40%        1d5       6%          1
b - Swiftness             Air            14%        N/A       12%         3
c - Teleport Other        Tloc           6%         N/A       32%         3

Your spell library contained the following spells:

 Spells                   Type           Power      Damage    Failure   Level
 Static Discharge         Conj/Air       10%        N/A       10%         2
 Gell's Gravitas          Tloc           3%         N/A       32%         3
 Lesser Beckoning         Tloc           6%         N/A       32%         3
 Airstrike                Air            7%         N/A       38%         4


Dungeon Overview and Level Annotations

Branches:
Dungeon (5/15)
 Temple: D:4-7

Altars:

Shops:
D:1 ?

Annotations:
D:2 1 runed translucent door, Crazy Yiuf
D:3 Grinder, Sigmund
D:4 Edmund


Innate Abilities, Weirdness & Mutations

You are immune to poison.
Your flesh is cold resistant. (rC+)
You are immune to negative energy. (rN+++)
You are immune to unholy pain and torment.
You are vulnerable to heat. (rF-)
You do not drink.


Message History

Aim: an iguana (moderately wounded, 72% to hit)
The zap hits the iguana but does no damage.
The iguana is moderately wounded.
The zap hits the adder skeleton.
The adder skeleton is severely damaged.
The adder barely misses you.
You hit the iguana.
The iguana is moderately wounded.
The adder closely misses you. The iguana bites you!
You hit the iguana.
The iguana is heavily wounded.
The adder barely misses you. The adder bites you. The iguana barely misses you.
Unknown command.
You closely miss the iguana.
The iguana is heavily wounded.
The adder bites you. The iguana closely misses you.
You barely miss the iguana.
The iguana is heavily wounded.
The adder bites you. The iguana bites you.
* * * LOW HITPOINT WARNING * * *
The adder bites you.
* * * LOW HITPOINT WARNING * * *
As you read the scroll labelled ATWOYTWOEGH, it crumbles to dust.
It is a scroll of identify.
You don't have any unidentified items.
The adder misses you. The iguana closely misses you.
Unknown command.
You hit the iguana but do no damage.
The iguana is heavily wounded.
The adder bites you.
* * * LOW HITPOINT WARNING * * *
The iguana barely misses you.
You closely miss the iguana.
The iguana is heavily wounded.
The adder bites you but does no damage. The iguana misses you.
The adder closely misses you.
You hit the iguana.
The iguana is heavily wounded.
The adder misses you. The iguana bites you!
You die...

O.....#...#..........
(.#...'O####.........
......### #.........
...... ##.........
..... #..........
..... ##..#######.
.... ####...# ....
#.#Z..## #@lO.##
#.S.## ##(## ###


You could see an ogre, an iguana, an adder and an adder skeleton.

Vanquished Creatures
  A phantom (D:3)
  A bullfrog skeleton (D:3)
  An adder (D:3)
  A worm (D:3)
  2 dart slugs (D:3)
  An orc (D:3)
  4 ball pythons
  5 endoplasms
  2 giant cockroaches
  3 goblins
  4 hobgoblins
  4 jackals (D:1)
  9 kobolds
  2 quokkas (D:1)
  3 bats
  2 rats (D:3)
45 creatures vanquished.

Notes
Turn   | Place    | Note
-------+----------+-------------------------------------------
     0 | D:1      | lawman0 the Mummy Air Elementalist began the quest for the
                  | Orb.
     0 | D:1      | Reached XP level 1. HP: 13/13 MP: 4/4
    72 | D:1      | Found Wickucs Tala's Magic Scroll Boutique.
    82 | D:1      | Bought a scroll of noise for 12 gold pieces
   230 | D:1      | Reached XP level 2. HP: 17/19 MP: 1/5
   777 | D:1      | woot
  1162 | D:1      | Bought a scroll of fear for 42 gold pieces
  1201 | D:2      | Reached XP level 3. HP: 24/24 MP: 4/7
  1270 | D:2      | Learned a level 3 spell: Swiftness
  1314 | D:2      | Learned a level 3 spell: Teleport Other
  1424 | D:2      | Found a runed translucent door.
  1425 | D:2      | Noticed Crazy Yiuf
  1563 | D:2      | You fall into a shaft and drop 2 floors!
  1571 | D:5      | Entered Level 5 of the Dungeon
  1579 | D:5      | Noticed a phantom
  1755 | D:3      | Noticed a phantom
  1768 | D:3      | HP: 1/24 [phantom (8)]
  1770 | D:3      | Killed a phantom
  1771 | D:3      | Reached skill level 1 in Conjurations
  1771 | D:3      | Reached XP level 4. HP: 2/30 MP: 0/9
  2207 | D:3      | Reached skill level 1 in Translocations
  2490 | D:3      | Reached XP level 5. HP: 35/35 MP: 6/10
  2535 | D:3      | Noticed Sigmund
  2933 | D:3      | Noticed Grinder
  3012 | D:4      | Noticed Edmund
  3036 | D:4      | Noticed an ogre
  3063 | D:4      | HP: 1/35 [adder (3)]
  3065 | D:4      | Mangled by an iguana

Illustrated notes

..........# #...##..##
##
.........####.##.....#
........#...#....###.#
..................##..
...................#
...................#
............#
...........##
.#...##..@## ####
#####


Turn 777 on D:1: woot

Levels and vault maps discovered:
D:1:      amcnicky_arrival_gap_in_the_tavern_cellar, layout_rooms, serial_shops,
          nicolae_lakefront_shop, minmay_misc_feat_rows, hangedman_decor_push
D:2:      layout_loops_cross, nrook_campfire, uniq_crazy_yiuf_cottage
D:3:      layout_rooms, kennysheep_minor_cross, uniq_grinder, uniq_sigmund
D:4:      layout_layer_cave, kennysheep_generic_room_2, uniq_edmund
D:5:      cheibrodos_fzero, layout_basic, lemuel_coloured_pillars_altar,
          serial_shops, shop

Skill      XL: |  1  2  3  4  5 |
---------------+----------------+-----
Air Magic      | 3 |  3.5
Spellcasting   | 3 |  3.8
Conjurations   | 1 |  1.4
Translocations | 1 |  1.0
Stealth        | 2 |  2.4
Fighting       | |  0.1
Maces & Flails | |  0.7
Dodging        | |  1.7

Action                   |  1- 3 |  4- 6 || total
-------------------------+-------+-------++-------
Melee: Whip              |    35 |    21 ||    56
 Cast: Shock             |    61 |    47 ||   108
       Swiftness         |       |     1 ||     1
  Use: Scroll            |     1 |     1 ||     2
Armor: Robe              |     6 |     4 ||    10
Dodge: Dodged            |    35 |    28 ||    63

Table legend: (Time is in decaauts)
 A = Elapsed time spent in this place.
 B = Non-inter-level travel time spent in this place.
 C = Inter-level travel time spent in this place.
 D = Time resting spent in this place.
 E = Time spent auto-exploring this place.
 F = Levels seen in this place.
 G = Mean time per level.
                   A        B        C        D        E       F      G
               +--------+--------+--------+--------+--------+-----+--------+
         Total |   3068 |   2958 |    110 |    586 |   1883 |   5 |  613.6 |
       Dungeon |   3068 |   2958 |    110 |    586 |   1883 |   5 |  613.6 |
               +--------+--------+--------+--------+--------+-----+--------+

Top non-repeatable levels by time:
     D:3: 1306 daAuts
     D:1: 1177 daAuts
     D:2: 428 daAuts
     D:4: 140 daAuts
     D:5: 16 daAuts
